 Dungeon Crawl Stone Soup version 0.21.0 (webtiles) character file.

217 Hekarica the Sneak (level 5, -5/34 HPs)
             Began as an Octopode Venom Mage on May 20, 2018.
             Slain by a gnoll
             ... wielding a +0 halberd
              (8 damage)
             ... on level 3 of the Dungeon.
             The game lasted 00:09:46 (1886 turns).

Hekarica the Sneak (Octopode Venom Mage)            Turns: 1886, Time: 00:09:46

Health: -5/34      AC:  1    Str: 11 (13) XL:     5   Next: 94%
Magic:  9/9        EV: 14    Int: 14 (17) God:
Gold:   151        SH:  0    Dex: 12 (13) Spells: 9/10 levels left

rFire    + . .     SeeInvis .     - Unarmed
rCold    . . .     Gourm    .   (no shield)
rNeg     . . .     Faith    .   (helmet restricted)
rPois    .         Spirit   .   l - amulet of harm
rElec    .         Reflect  .   n - ring of protection from fire
rCorr    .         Harm     +   (no ring)
MR       .....                  (no ring)
Stlth    ++++......             (no ring)
HPRegen  0.11/turn              (no ring)
MPRegen  0.11/turn              (no ring)
                                (no ring)
                                (no ring)

@: mighty
A: almost no armour, stealthy swim, amphibious, 8 rings, constrict 8, camouflage
1, gelatinous body 1
a: no special abilities


You were on level 3 of the Dungeon.
You were not hungry.

You visited 1 branch of the dungeon, and saw 3 of its levels.

You collected 151 gold pieces.

Inventory:

Jewellery
 l - an amulet of harm (around mantle)
 n - a ring of protection from fire (left tentacle)
Scrolls
 c - 2 scrolls of identify
 e - a scroll of amnesia {unknown}
 g - a scroll of fog {unknown}
 j - a scroll of remove curse
 m - a scroll of enchant weapon {unknown}
Potions
 k - a potion of mutation {unknown}
 o - a potion of flight {unknown}
Books
 a - a Young Poisoner's Handbook

   Spells                             Type                      Level
   a - Sting                          Conjuration/Poison           1
   b - Poisonous Vapours              Poison/Air                   2
   c - Mephitic Cloud                 Conjuration/Poison/Air       3
   d - Olgreb's Toxic Radiance        Poison                       4
   e - Venom Bolt                     Conjuration/Poison           5
Comestibles
 b - 4 rations


   Skills:
 + Level 2.2 Fighting
 + Level 3.1 Dodging
 + Level 4.4 Stealth
 + Level 2.2 Unarmed Combat
 + Level 3.0 Spellcasting
 - Level 1.0 Conjurations
 - Level 3.6 Poison Magic


You had 9 spell levels left.
You knew the following spells:

 Your Spells              Type           Power        Failure   Level  Hunger
a - Sting                 Conj/Pois      #...         9%          1    #......


Dungeon Overview and Level Annotations

Branches:
Dungeon (3/15)

Altars:


Innate Abilities, Weirdness & Mutations

You cannot wear most types of armour.
You are very stealthy in the water. (Stealth+)
You are amphibious.
You can wear up to eight rings at the same time.
You can use your tentacles to constrict eight enemies at once.
Your skin changes colour to match your surroundings (Stealth+).
Your rubbery body absorbs attacks. (AC +1, EV +1)


Message History

The gnoll hits you from afar with a halberd!
* * * LOW HITPOINT WARNING * * *
A goblin comes into view. It is wielding a club.
The goblin shouts!
You hear an angry hiss.
Found an escape hatch in the floor.
It was a potion of degeneration.
There was something very wrong with that liquid.
You feel weakened.
You feel dopey.
You feel clumsy. The gnoll barely misses you.
It was a potion of curing.
You feel better. The gnoll barely misses you. The gnoll hits you with a whip!
* * * LOW HITPOINT WARNING * * *
It was a potion of might.
You feel very mighty all of a sudden. The gnoll misses you.
The gnoll barely misses you.
You completely miss the gnoll. Your grab misses the gnoll.
The gnoll hits you with a whip.
* * * LOW HITPOINT WARNING * * *
The gnoll hits you from afar with a halberd!
You die...

... . .##.. ... ....
#.# #.. #.#
#..####.# #...#..#
#.....# #?..#g####
#.....?#<.gg@.#
#.....###..##.g.....
#....# #### ##.....
.>.... .... ##...[
... #... .. #<.. >


You could see 3 gnolls and a goblin.

Vanquished Creatures
  The ghost of Hekarica the Sneak, an amateur OpVM (D:3)
  A howler monkey (D:2)
  5 adders
  A gnoll (D:1)
  2 worms (D:2)
  2 leopard geckos
  4 bats
  2 giant cockroaches
  9 goblins
  7 hobgoblins
  4 kobolds
  A frilled lizard (D:2)
  6 rats
45 creatures vanquished.

Notes
Turn   | Place    | Note
-------+----------+-------------------------------------------
     0 | D:1      | Hekarica the Octopode Venom Mage began the quest for the Orb.
     0 | D:1      | Reached XP level 1. HP: 11/11 MP: 3/3
   123 | D:1      | Reached XP level 2. HP: 16/18 MP: 0/5
   153 | D:1      | Reached skill level 3 in Stealth
   318 | D:1      | Reached XP level 3. HP: 13/22 MP: 0/6
   520 | D:1      | Reached skill level 1 in Fighting
   587 | D:1      | Reached skill level 1 in Unarmed Combat
   795 | D:2      | Reached XP level 4. HP: 23/28 MP: 1/7
  1478 | D:2      | Reached skill level 4 in Stealth
  1478 | D:2      | Reached XP level 5. HP: 34/34 MP: 4/9
  1860 | D:3      | Noticed Hekarica's ghost (amateur OpVM)
  1878 | D:3      | Killed Hekarica's ghost
  1886 | D:3      | Slain by a gnoll

Skill      XL: |  1  2  3  4  5 |
---------------+----------------+-----
Stealth        | 3 4 |  4.4
Fighting       | 1 2 |  2.2
Unarmed Combat | 1 2 |  2.2
Dodging        | 3 |  3.1
Spellcasting   | 3 |  3.0
Conjurations   | |  1.0
Poison Magic   | |  3.6

Action                   |  1- 3 |  4- 6 || total
-------------------------+-------+-------++-------
Melee: Unarmed           |    32 |    48 ||    80
       Constrict         |    10 |     7 ||    17
       Tentacles         |     5 |     6 ||    11
       Punch             |     1 |       ||     1
 Cast: Sting             |    39 |    32 ||    71
  Use: Scroll            |     2 |     1 ||     3
       Potion            |       |     4 ||     4
 Stab: Sleeping          |     1 |     1 ||     2
  Eat: Ration            |       |     1 ||     1
Dodge: Dodged            |    15 |    28 ||    43
